 Dungeon Crawl Stone Soup version 0.25-a0-464-g3004169 (webtiles) character file.

Game seed: 14666444308104648048, levelgen mode: deterministic

59 15 the Firebug (level 4, -8/24 HPs)
             Began as a Tengu Fire Elementalist on Feb 4, 2020.
             Was an Initiate of Vehumet.
             Killed from afar by an orc wizard (11 damage)
             ... with a puff of flame
             ... on level 2 of the Dungeon.
             The game lasted 00:06:11 (2352 turns).

15 the Firebug (Tengu Fire Elementalist)            Turns: 2352, Time: 00:06:13

Health: -8/24      AC:  2    Str: 14    XL:     4   Next: 3%
Magic:  8/8        EV: 13    Int: 20    God:    Vehumet [......]
Gold:   153        SH:  0    Dex: 14    Spells: 4/8 levels left

rFire    . . .     SeeInvis .   e - +0 dagger
rCold    . . .     Gourm    .   (no shield)
rNeg     . . .     Faith    .   a - +0 robe
rPois    .         Spirit   .   (helmet restricted)
rElec    .         Reflect  .   (no cloak)
rCorr    .         Harm     .   (no gloves)
MR       .....                  (boots unavailable)
Stlth    +.........             n - amulet of magic regeneration
HPRegen  0.08/turn              m - +4 ring of intelligence
MPRegen  0.36/turn              o - ring of attention (curse)

@: mighty, berserk cooldown, slowed, very slow
A: beak, talons 3
a: Renounce Religion


You were on level 2 of the Dungeon.
You worshipped Vehumet.
Vehumet was noncommittal.
You were very hungry.

You visited 1 branch of the dungeon, and saw 3 of its levels.

You collected 153 gold pieces.

Inventory:

Hand Weapons
 e - a +0 dagger (weapon)
 k - a +0 whip
Armour
 a - a +0 robe (worn)
Jewellery
 m - a +4 ring of intelligence (left hand)
 n - an amulet of magic regeneration (around neck)
 o - a cursed ring of attention (right hand)
Wands
 q - a wand of paralysis (6)
Scrolls
 j - a scroll of fog
Comestibles
 c - 4 rations


   Skills:
 + Level 0.2 Fighting
 * Level 0.1 Armour
 * Level 2.9 Dodging
 + Level 2.3 Stealth
 * Level 2.6 Spellcasting
 * Level 2.4 Conjurations
 + Level 3.7 Fire Magic


You had 4 spell levels left.
You knew the following spells:

 Your Spells              Type           Power        Failure   Level  Hunger
a - Foxfire               Conj/Fire      ##..         4%          1    None
b - Conjure Flame         Conj/Fire      ##......     13%         3    ###....

Your spell library contained the following spells:

 Spells                   Type           Power        Failure   Level  Hunger
 Inner Flame              Hex/Fire       ##......     21%         3    ###....
 Sticky Flame             Conj/Fire      ##......     38%         4    ####...
 Fireball                 Conj/Fire      ##........   75%         5    ######.


Dungeon Overview and Level Annotations

Branches:
Dungeon (3/15)

Altars:
Vehumet


Innate Abilities, Weirdness & Mutations

You have a beak for a mouth.
You have claws for feet.


Message History

You hit the orc wizard.
The orc wizard is lightly wounded.
The orc wizard hits you but does no damage.
It was a potion of might.
You feel very mighty all of a sudden.
The orc wizard hits you with a +0 dagger.
* * * LOW HITPOINT WARNING * * *
The orc wizard misses you.
You puncture the orc wizard!
The orc wizard is almost dead.
The orc wizard casts a spell at you. The puff of flame hits you.
* * * LOW HITPOINT WARNING * * *
You closely miss the orc wizard.
The orc wizard is almost dead.
The orc wizard casts a spell.
The orc wizard seems to speed up.
The orc wizard gestures at you while chanting.
The puff of flame hits you!
You die...

...........>...######.# #.######
.###...####...........# #.....[#
.#.....####.##.#.#########.######
.#.##.##....##.....#.......#
.#.######.........##.#######
.#.....##.........##<#
.#.#...##...........##
.#.#...##......(o.#.#
...#...##.......@[#.#
.###...##...........#
...................##
.................#.#
.................#.##
............##+###..#
...............# ##.#
............#### #.##
)#########'## #..#


You could see an orc wizard.

Vanquished Creatures
  An adder (D:2)
  2 dart slugs (D:1)
  A leopard gecko (D:1)
  3 orcs
  A giant cockroach (D:2)
  3 goblins (D:2)
  5 hobgoblins
  7 jackals
  5 kobolds
  2 ball pythons
  A bat (D:2)
  2 frilled lizards
  6 rats
39 creatures vanquished.

Vanquished Creatures (others)
  85 foxfires
85 creatures vanquished.

Grand Total: 124 creatures vanquished

Notes
Turn   | Place    | Note
-------+----------+-------------------------------------------
     0 | D:1      | 15 the Tengu Fire Elementalist began the quest for the Orb.
     0 | D:1      | Reached XP level 1. HP: 10/10 MP: 4/4
   124 | D:1      | Reached XP level 2. HP: 15/15 MP: 3/6
   751 | D:1      | Reached XP level 3. HP: 10/19 MP: 1/7
   839 | D:2      | Learned a level 3 spell: Conjure Flame
  1542 | D:2      | Found a radiant altar of Vehumet.
  1566 | D:2      | Became a worshipper of Vehumet
  1739 | D:3      | Reached XP level 4. HP: 24/24 MP: 3/8
  2352 | D:2      | Killed from afar by an orc wizard

Levels and vault maps discovered:
D:1:      nicolae_arrival_memento_mori, layout_basic, minmay_pentomino_t2
D:2:      kb_forest_paths, layout_basic, vehumet_crystals
D:3:      layout_rooms, nicolae_ashenzari_panopticon, serial_rivers,
          chequers_serial_rivers_room_a, chequers_serial_rivers_large_b,
          chequers_serial_rivers_small_3, chequers_serial_rivers_marsh,
          chequers_serial_rivers_small_a, chequers_serial_rivers_micro_d,
          chequers_ecumenical_altar_simple, first_ration, uniq_terence,
          uniq_ijyb

Skill      XL: |  1  2 |
---------------+-------+-----
Conjurations   | 2 |  2.4
Fighting       | |  0.2
Armour         | |  0.1
Dodging        | |  2.9
Stealth        | |  2.3
Spellcasting   | |  2.6
Fire Magic     | |  3.7

Action                   |  1- 3 |  4- 6 || total
-------------------------+-------+-------++-------
Melee: Unarmed           |    10 |       ||    10
       Peck              |     4 |       ||     4
       Kick              |     5 |       ||     5
       Dagger            |    32 |     3 ||    35
 Cast: Foxfire           |    62 |     4 ||    66
  Use: Scroll            |     6 |       ||     6
       Potion            |       |     5 ||     5
 Stab: Sleeping          |     2 |       ||     2
       Distracted        |     1 |       ||     1
  Eat: Chunk             |     3 |     1 ||     4
Armor: Robe              |     9 |       ||     9
Dodge: Dodged            |    27 |     9 ||    36

Table legend:
 A = Non-vault XP
 B = Vault XP
 C = Vault XP percentage of total XP
 D = Non-vault monster count
 E = Vault monster count
 F = Vault count percentage of total count
                 A         B        C        D         E       F
            +---------+---------+-------+---------+---------+-------
      Total |      72 |      13 |  15.3 |      31 |       8 |  20.5
            +---------+---------+-------+---------+---------+-------
        D:1 |      24 |       3 |  11.1 |      12 |       2 |  14.3
        D:2 |      42 |      10 |  19.2 |      17 |       6 |  26.1
        D:3 |       6 |       0 |   0.0 |       2 |       0 |   0.0
            +---------+---------+-------+---------+---------+-------
